Blues vs Penguins
(R1)
Created - January 17, 2018 at 22:44
Goals
|
| Blues |
1 |
1 |
1 |
3 |
| Penguins |
0 |
1 |
0 |
1 |
|
Shots
|
| Blues |
9 |
11 |
9 |
29 |
| Penguins |
15 |
7 |
6 |
28 |
|
1st period
1. Blues , Tomas Plekanec 2 (Linus Omark 7, Jake Gardiner 22) at 8:55
Penalties :
Steve Downie (Pit) for Interference (Minor) at 1:15
2nd period
2. Blues , Nicklas Backstrom 17 (Alex Pietrangelo 32, David Perron 19) at 11:50
3. Penguins , Steven Stamkos 29 (Keith Aulie 6, Sam Gagner 19) at 13:21 (PP)
Penalties :
Bobby Ryan (Pit) for Head-butting (Major / Game Misconduct) at 0:13, Tomas Plekanec (STL) for Boarding (Minor) at 13:09, Alex Pietrangelo (STL) for Holding (Minor) at 13:46
3rd period
4. Blues , Chris Higgins 6 (Patrick Kaleta 10) at 11:22
Penalties :
Keith Aulie (Pit) for High sticking (Minor) at 1:23, Nicklas Backstrom (STL) for High sticking (Minor) at 5:25, Steven Stamkos (Pit) for Hooking (Minor) at 5:29, Simon Gagné (Pit) for Roughing (Minor) at 19:45
Goalie Stats
Tuukka Rask (STL), 27 saves from 28 shots - (0.964), W, 17-11-2, 60:00 minutes
Brian Elliott (Pit), 26 saves from 29 shots - (0.897), L, 17-11-3, 60:00 minutes
Players Stats for Blues
Player Name G A P +/- PIM S H SB GA TA FO MP PP MP PK MP
------------------------------------------------------------------------------------
Alex Pietrangelo 0 1 1 2 2 1 2 0 1 2 0/0 26:28 4:45 0:00
Bryce Lampman 0 0 0 1 0 1 0 1 0 0 0/0 24:00 3:37 1:26
Chris Higgins 1 0 1 1 0 6 2 0 0 0 0/0 12:47 0:29 0:37
David Perron 0 1 1 1 0 4 0 0 1 1 0/1 18:54 4:13 0:00
Drew Fata 0 0 0 2 0 1 1 2 0 1 0/0 18:36 0:53 1:26
Drew Stafford 0 0 0 1 0 0 2 0 0 0 0/0 11:29 1:10 0:30
Jake Gardiner 0 1 1 1 0 0 2 0 0 1 0/0 20:15 4:49 0:49
Linus Omark 0 1 1 1 0 0 1 1 1 0 1/1 9:35 0:48 0:00
Logan Couture 0 0 0 1 0 3 1 0 1 0 2/4 12:40 0:29 0:30
Marian Hossa 0 0 0 1 0 0 1 1 1 0 0/2 18:39 4:12 0:00
Nicklas Backstrom 1 0 1 1 2 3 1 0 0 0 15/20 20:00 4:18 0:24
Patrick Kaleta 0 1 1 1 0 2 1 1 1 0 0/1 14:30 0:04 1:08
Sergei Shirokov 0 0 0 0 0 0 0 1 0 0 0/0 15:12 3:43 0:00
Ted Purcell 0 0 0 0 0 0 2 0 0 0 0/1 14:45 3:43 0:00
Tomas Plekanec 1 0 1 1 2 3 4 0 0 0 1/3 9:35 0:49 0:00
Travis Zajac 0 0 0 0 0 2 1 0 0 0 4/8 17:27 3:47 1:21
Victor Hedman 0 0 0 0 0 1 2 0 0 0 0/0 16:57 3:38 0:00
Yann Sauvé 0 0 0 0 0 2 1 0 0 0 0/0 13:58 0:48 0:49
Players Stats for Penguins
Player Name G A P +/- PIM S H SB GA TA FO MP PP MP PK MP
------------------------------------------------------------------------------------
Andrew Cogliano 0 0 0 -1 0 1 2 1 1 0 0/1 18:45 0:51 2:45
Bobby Ryan 0 0 0 -1 15 0 0 0 1 0 0/0 5:44 0:00 0:00
Brayden Schenn 0 0 0 -1 0 2 2 0 0 0 5/7 17:13 0:28 3:58
Brian McGrattan 0 0 0 -1 0 1 0 0 0 0 0/0 13:26 0:45 0:00
D.J King 0 0 0 0 0 2 1 0 0 0 0/0 13:58 0:09 3:12
Dion Phaneuf 0 0 0 0 0 1 1 0 1 0 0/0 24:57 1:17 4:29
Dominic Moore 0 0 0 0 0 2 1 1 0 0 0/2 11:47 0:00 2:44
Duncan Keith 0 0 0 -2 0 0 0 1 0 1 0/0 21:59 0:58 3:42
Eric Gryba 0 0 0 -1 0 0 0 1 1 1 0/0 13:34 0:00 0:53
Keith Aulie 0 1 1 -2 2 0 0 2 1 1 0/0 20:03 0:58 2:54
Max Pacioretty 0 0 0 -1 0 3 2 0 0 0 0/1 17:28 1:15 0:29
Nikita Alexeev 0 0 0 0 0 1 1 0 0 1 0/0 11:12 0:22 0:00
Paul Ranger 0 0 0 -1 0 0 1 1 0 0 0/0 14:20 0:00 1:50
Sam Gagner 0 1 1 -1 0 3 1 0 0 0 3/6 14:02 1:08 1:34
Sean Zimmerman 0 0 0 0 0 3 1 1 0 1 0/0 25:41 1:17 4:42
Simon Gagné 0 0 0 -1 2 1 1 0 0 1 0/1 16:58 0:00 3:48
Steve Downie 0 0 0 -1 2 1 1 0 0 0 1/1 10:52 0:31 0:00
Steven Stamkos 1 0 1 -1 2 7 0 1 0 0 9/22 16:46 1:15 0:00
3 Stars
1 - Tuukka Rask (STL)
2 - Chris Higgins (STL)
3 - Tomas Plekanec (STL)
Power Play
Blues - 0 on 5 Attempt(s) - 0.00%
Penguins - 1 on 3 Attempt(s) - 33.33%
Penalty Kill
Blues - 2 on 3 Attempt(s) - 66.67%
- Score 0 goal in Penalty Kill
Penguins - 5 on 5 Attempt(s) - 100.00%
- Score 0 goal in Penalty Kill
Team Stat
Blues - Hits : 24 - Faceoff Wins : 23 - Blocked Shots : 7 - Penalty Minutes : 6
Penguins - Hits : 15 - Faceoff Wins : 18 - Blocked Shots : 9 - Penalty Minutes : 23
Official
Referees : Dwyer Gord and Marouelli Dan
Linesman : Jean Morin and Brad Lazarowich
Game Notes
Bobby Ryan ejected from game at 0:13 of 2nd period
Finance
Level 1 -- Attendance: 5855 (97.58%) -- Ticket Income $480,110
Level 2 -- Attendance: 5000 (100.00%) -- Ticket Income $225,000
Level 3 -- Attendance: 1905 (95.25%) -- Ticket Income $62,865
Level 4 -- Attendance: 3892 (97.30%) -- Ticket Income $97,300
Luxury Box -- Attendance: 885 (88.50%) -- Ticket Income $141,600
Game was played at the Igloo.
Total Attendance: 17537 (97.43%)
Total Ticket Income: $1,006,875
Other Income: $151,031
Total Income: $1,157,906
Blues
5 vs 5 Forward
Center Left Wing Right Wing Time % Phy DF OF
1 Nicklas Backstrom David Perron Marian Hossa 40 1 2 2
2 Travis Zajac Ted Purcell Sergei Shirokov 30 1 2 2
3 Logan Couture Chris Higgins Patrick Kaleta 20 1 2 2
4 Tomas Plekanec Linus Omark Drew Stafford 10 1 2 2
5 vs 5 Defense
Defense Defense Time % Phy DF OF
1 Alex Pietrangelo Bryce Lampman 40 1 2 2
2 Jake Gardiner Drew Fata 30 1 2 2
3 Victor Hedman Yann Sauvé 20 1 2 2
4 Alex Pietrangelo Drew Fata 10 1 2 2
PowerPlay Forward
Center Left Wing Right Wing Time % Phy DF OF
1 Nicklas Backstrom David Perron Marian Hossa 60 1 2 2
2 Travis Zajac Ted Purcell Sergei Shirokov 40 1 2 2
PowerPlay Defense
Defense Defense Time % Phy DF OF
1 Jake Gardiner Alex Pietrangelo 60 1 2 2
2 Bryce Lampman Victor Hedman 40 1 2 2
Penalty Kill 4 Players Forward
Center Wing Time % Phy DF OF
1 Travis Zajac Patrick Kaleta 60 1 2 2
2 Logan Couture Drew Stafford 40 1 2 2
Penalty Kill 4 Players Defense
Defense Defense Time % Phy DF OF
1 Drew Fata Bryce Lampman 60 1 2 2
2 Yann Sauvé Jake Gardiner 40 1 2 2
Penalty Kill - 3 Players Forward
Forward Time % Phy DF OF
1 Travis Zajac 60 1 2 2
2 Tomas Plekanec 40 1 2 2
Penalty Kill - 3 Players Defense
Defense Defense Time % Phy DF OF
1 Bryce Lampman Drew Fata 60 1 2 2
2 Alex Pietrangelo Jake Gardiner 40 1 2 2
4 vs 4 Forward
Center Wing Time % Phy DF OF
1 Travis Zajac Sergei Shirokov 60 1 2 2
2 Nicklas Backstrom Ted Purcell 40 1 2 2
4 vs 4 Defense
Defense Defense Time % Phy DF OF
1 Victor Hedman Alex Pietrangelo 60 1 2 2
2 Drew Fata Jake Gardiner 40 1 2 2
Last Minutes Offensive
Center Left Wing Right Wing Defense Defense
Nicklas Backstrom David Perron Marian Hossa Jake Gardiner Alex Pietrangelo
Last Minutes Defensive
Center Left Wing Right Wing Defense Defense
Travis Zajac Ted Purcell Patrick Kaleta Bryce Lampman Drew Fata
Goaltenders
Starting : Tuukka Rask
Backup : Ray Emery
Extra Forwards
Normal : Patrick Kaleta, Drew Stafford, David Perron - PP : Linus Omark, Tomas Plekanec - PK : Nicklas Backstrom
Extra Defensemen
Normal : Jake Gardiner, Yann Sauvé, Drew Fata - PP : Drew Fata - PK : Alex Pietrangelo, Victor Hedman
Penalty Shots
David Perron, Ted Purcell, Marian Hossa, Logan Couture, Nicklas Backstrom
Scratches
Jamie Langenbrunner (Healthy), Marcel Hossa (Healthy)
Penguins
5 vs 5 Forward
Center Left Wing Right Wing Time % Phy DF OF
1 Steven Stamkos Max Pacioretty Bobby Ryan 40 0 2 3
2 Sam Gagner Andrew Cogliano Steve Downie 30 0 2 3
3 Brayden Schenn Simon Gagné Brian McGrattan 20 1 2 2
4 Dominic Moore D.J King Nikita Alexeev 10 0 2 3
5 vs 5 Defense
Defense Defense Time % Phy DF OF
1 Sean Zimmerman Dion Phaneuf 44 2 1 2
2 Keith Aulie Duncan Keith 33 2 1 2
3 Paul Ranger Eric Gryba 23 1 2 2
4 Sean Zimmerman Dion Phaneuf 0 2 1 2
PowerPlay Forward
Center Left Wing Right Wing Time % Phy DF OF
1 Steven Stamkos Max Pacioretty Bobby Ryan 60 0 1 4
2 Sam Gagner Andrew Cogliano Steve Downie 40 0 1 4
PowerPlay Defense
Defense Defense Time % Phy DF OF
1 Sean Zimmerman Dion Phaneuf 60 0 1 4
2 Keith Aulie Duncan Keith 40 0 1 4
Penalty Kill 4 Players Forward
Center Wing Time % Phy DF OF
1 Brayden Schenn Simon Gagné 60 0 4 1
2 Dominic Moore D.J King 40 0 4 1
Penalty Kill 4 Players Defense
Defense Defense Time % Phy DF OF
1 Sean Zimmerman Dion Phaneuf 60 1 4 0
2 Keith Aulie Duncan Keith 40 1 4 0
Penalty Kill - 3 Players Forward
Forward Time % Phy DF OF
1 Brayden Schenn 60 0 4 1
2 Dominic Moore 40 0 4 1
Penalty Kill - 3 Players Defense
Defense Defense Time % Phy DF OF
1 Dion Phaneuf Sean Zimmerman 60 1 4 0
2 Keith Aulie Duncan Keith 40 1 4 0
4 vs 4 Forward
Center Wing Time % Phy DF OF
1 Steven Stamkos Bobby Ryan 60 0 2 3
2 Sam Gagner Andrew Cogliano 40 0 2 3
4 vs 4 Defense
Defense Defense Time % Phy DF OF
1 Sean Zimmerman Dion Phaneuf 60 2 1 2
2 Keith Aulie Duncan Keith 40 2 1 2
Last Minutes Offensive
Center Left Wing Right Wing Defense Defense
Steven Stamkos Max Pacioretty Bobby Ryan Sean Zimmerman Dion Phaneuf
Last Minutes Defensive
Center Left Wing Right Wing Defense Defense
Brayden Schenn Andrew Cogliano Brian McGrattan Sean Zimmerman Dion Phaneuf
Goaltenders
Starting : Brian Elliott
Backup : Josh Tordjman
Extra Forwards
Normal : Steven Stamkos, Andrew Cogliano, Simon Gagné - PP : Steven Stamkos, Sam Gagner - PK : Andrew Cogliano
Extra Defensemen
Normal : Sean Zimmerman, Keith Aulie, Eric Gryba - PP : Paul Ranger - PK : Sean Zimmerman, Keith Aulie
Penalty Shots
Steven Stamkos, Bobby Ryan, Max Pacioretty, Brayden Schenn, Steve Downie
Scratches
None
% Time on Ice - Blues
Lines # - Real PCT - Wanted PCT - Time Play
Normal Forward
1 - 33% - 40% - 15:33
2 - 24% - 30% - 11:10
3 - 25% - 20% - 11:26
4 - 18% - 10% - 8:26
Normal Defense
1 - 38% - 40% - 17:41
2 - 31% - 30% - 14:36
3 - 25% - 20% - 11:49
4 - 5% - 10% - 2:29
PP Forward
1 - 55% - 60% - 5:04
2 - 45% - 40% - 4:11
PP Defense
1 - 60% - 60% - 5:34
2 - 40% - 40% - 3:41
PK Forward
1 - 78% - 60% - 1:45
2 - 22% - 40% - 0:30
PK Defense
1 - 64% - 60% - 1:26
2 - 36% - 40% - 0:49
PK3 Forward
1 - 0% - 60%
2 - 0% - 40%
PK3 Defense
1 - 0% - 60%
2 - 0% - 40%
44 Forward
1 - 76% - 60% - 1:27
2 - 24% - 40% - 0:28
44 Defense
1 - 58% - 60% - 1:07
2 - 42% - 40% - 0:48
Last Minute Offensive - 0:00
Last Minute Defensive - 0:00
Total
Forward - 60:00
Defense - 60:00
|
% Time on Ice - Penguins
Lines # - Real PCT - Wanted PCT - Time Play
Normal Forward
1 - 36% - 40% - 16:57
2 - 25% - 30% - 11:27
3 - 21% - 20% - 9:58
4 - 18% - 10% - 8:13
Normal Defense
1 - 40% - 44% - 18:35
2 - 33% - 33% - 15:19
3 - 27% - 23% - 12:41
4 - 0% - 0% - 0:00
PP Forward
1 - 77% - 60% - 1:44
2 - 23% - 40% - 0:31
PP Defense
1 - 57% - 60% - 1:17
2 - 43% - 40% - 0:58
PK Forward
1 - 75% - 60% - 6:56
2 - 25% - 40% - 2:19
PK Defense
1 - 57% - 60% - 5:19
2 - 43% - 40% - 3:56
PK3 Forward
1 - 0% - 60%
2 - 0% - 40%
PK3 Defense
1 - 0% - 60%
2 - 0% - 40%
44 Forward
1 - 100% - 60% - 1:55
2 - 0% - 40% - 0:00
44 Defense
1 - 59% - 60% - 1:08
2 - 41% - 40% - 0:47
Last Minute Offensive - 0:00
Last Minute Defensive - 0:00
Total
Forward - 60:00
Defense - 60:00
|
Play by Play
1st period
0:01 of 1st period - Nicklas Backstrom wins face-off versus Steven Stamkos in neutral zone.
0:31 of 1st period - Snap shot by Sam Gagner.
0:31 of 1st period - Stopped by Tuukka Rask without a rebound.
0:32 of 1st period - Travis Zajac wins face-off versus Sam Gagner in Blues zone.
0:47 of 1st period - Snap shot by Sam Gagner.
0:47 of 1st period - Shot Misses the Net.
0:53 of 1st period - Drew Fata is hit by Andrew Cogliano and loses puck.
1:08 of 1st period - Jake Gardiner is hit by Andrew Cogliano.
1:15 of 1st period - Minor Penalty to Steve Downie for Interference.
1:16 of 1st period - Brayden Schenn wins face-off versus Nicklas Backstrom in Penguins zone.
1:32 of 1st period - Snap shot by Dion Phaneuf.
1:32 of 1st period - Shot Misses the Net.
3:15 of 1st period - Penalty to Steve Downie is over, Steve Downie is back on ice.
3:15 of 1st period - Icing by Victor Hedman.
3:16 of 1st period - Linus Omark wins face-off versus Steven Stamkos in Blues zone.
3:23 of 1st period - Snap shot by Steven Stamkos.
3:23 of 1st period - Shot Misses the Net.
3:31 of 1st period - Eric Gryba is hit by Drew Stafford and loses puck.
3:46 of 1st period - Slapshot by Alex Pietrangelo.
3:46 of 1st period - Shot Blocked by Andrew Cogliano.
3:48 of 1st period - Wrist shot by Logan Couture.
3:48 of 1st period - Shot Hit the Post.
3:50 of 1st period - Snap shot by Chris Higgins.
3:50 of 1st period - Shot Blocked by Paul Ranger.
3:52 of 1st period - Snap shot by Drew Fata.
3:52 of 1st period - Shot Misses the Net.
4:21 of 1st period - Wrist shot by Brayden Schenn.
4:21 of 1st period - Stopped by Tuukka Rask without a rebound.
4:22 of 1st period - Brayden Schenn wins face-off versus Nicklas Backstrom in Blues zone.
4:27 of 1st period - Wrist shot by Simon Gagné.
4:27 of 1st period - Stopped by Tuukka Rask without a rebound.
4:28 of 1st period - Steven Stamkos wins face-off versus Nicklas Backstrom in Blues zone.
4:39 of 1st period - Slapshot by Steven Stamkos.
4:39 of 1st period - Shot Misses the Net.
5:45 of 1st period - Slapshot by Nicklas Backstrom.
5:45 of 1st period - Shot Misses the Net.
5:47 of 1st period - Slapshot by Yann Sauvé.
5:47 of 1st period - Stopped by Brian Elliott without a rebound.
5:48 of 1st period - Logan Couture wins face-off versus Steven Stamkos in Penguins zone.
6:01 of 1st period - Snap shot by Chris Higgins.
6:01 of 1st period - Shot Blocked by Keith Aulie.
6:03 of 1st period - Wrist shot by Logan Couture.
6:03 of 1st period - Stopped by Brian Elliott with a rebound.
8:18 of 1st period - Sean Zimmerman is hit by Patrick Kaleta and loses puck.
8:39 of 1st period - Wrist shot by Nikita Alexeev.
8:39 of 1st period - Stopped by Tuukka Rask without a rebound.
8:40 of 1st period - Tomas Plekanec wins face-off versus Steven Stamkos in Blues zone.
8:47 of 1st period - Wrist shot by Tomas Plekanec.
8:47 of 1st period - Shot Misses the Net.
8:49 of 1st period - Slapshot by Jake Gardiner.
8:49 of 1st period - Shot Misses the Net.
8:55 of 1st period - Snap shot by Tomas Plekanec.
8:55 of 1st period - Goal by Tomas Plekanec - Blues : 1 - Penguins : 0.
8:56 of 1st period - Nicklas Backstrom wins face-off versus Steven Stamkos in neutral zone.
9:01 of 1st period - Snap shot by Steven Stamkos.
9:01 of 1st period - Stopped by Tuukka Rask with a rebound.
9:33 of 1st period - Backhand shot by Andrew Cogliano.
9:33 of 1st period - Shot Hit the Post.
10:04 of 1st period - Dominic Moore is hit by Alex Pietrangelo and loses puck.
10:13 of 1st period - Slapshot by Linus Omark.
10:13 of 1st period - Shot Misses the Net.
10:29 of 1st period - Wrist shot by Steven Stamkos.
10:29 of 1st period - Deflect By Max Pacioretty.
10:29 of 1st period - Stopped by Tuukka Rask without a rebound.
10:30 of 1st period - Nicklas Backstrom wins face-off versus Steven Stamkos in Blues zone.
11:07 of 1st period - Snap shot by Travis Zajac.
11:07 of 1st period - Shot Blocked by Sean Zimmerman.
11:09 of 1st period - Slapshot by Yann Sauvé.
11:09 of 1st period - Deflect By Dion Phaneuf.
11:09 of 1st period - Stopped by Brian Elliott with a rebound.
11:27 of 1st period - Slapshot by Dion Phaneuf.
11:27 of 1st period - Stopped by Tuukka Rask with a rebound.
11:29 of 1st period - Wrist shot by Brayden Schenn.
11:29 of 1st period - Stopped by Tuukka Rask without a rebound.
11:30 of 1st period - Nicklas Backstrom wins face-off versus Steven Stamkos in Blues zone.
11:30 of 1st period - Nicklas Backstrom is hit by Max Pacioretty.
11:56 of 1st period - Alex Pietrangelo is hit by Steve Downie and loses puck.
13:12 of 1st period - Icing by Nicklas Backstrom.
13:13 of 1st period - Steven Stamkos wins face-off versus Nicklas Backstrom in Blues zone.
13:39 of 1st period - Snap shot by Nicklas Backstrom.
13:39 of 1st period - Stopped by Brian Elliott without a rebound.
13:40 of 1st period - Sam Gagner wins face-off versus Ted Purcell in Penguins zone.
13:51 of 1st period - Wrist shot by Andrew Cogliano.
13:51 of 1st period - Shot Blocked by Sergei Shirokov.
13:53 of 1st period - Snap shot by Sean Zimmerman.
13:53 of 1st period - Deflect By Sergei Shirokov.
13:53 of 1st period - Stopped by Tuukka Rask without a rebound.
13:54 of 1st period - Steven Stamkos wins face-off versus Marian Hossa in Blues zone.
14:25 of 1st period - Sean Zimmerman is hit by Alex Pietrangelo.
14:45 of 1st period - Logan Couture is hit by Nikita Alexeev and loses puck.
15:32 of 1st period - Snap shot by Steven Stamkos.
15:32 of 1st period - Stopped by Tuukka Rask with a rebound.
15:40 of 1st period - Slapshot by Steven Stamkos.
15:40 of 1st period - Deflect By Bobby Ryan.
15:40 of 1st period - Shot Blocked by Marian Hossa.
15:40 of 1st period - Puck is out of play.
15:41 of 1st period - Sam Gagner wins face-off versus Travis Zajac in Blues zone.
15:56 of 1st period - Slapshot by Alex Pietrangelo.
15:56 of 1st period - Stopped by Brian Elliott without a rebound.
15:57 of 1st period - Nicklas Backstrom wins face-off versus Steven Stamkos in Penguins zone.
16:10 of 1st period - Wrist shot by Steven Stamkos.
16:10 of 1st period - Stopped by Tuukka Rask with a rebound.
16:16 of 1st period - Duncan Keith is hit by Nicklas Backstrom and loses puck.
17:29 of 1st period - Snap shot by Bobby Ryan.
17:29 of 1st period - Shot Misses the Net.
17:31 of 1st period - Wrist shot by Bobby Ryan.
17:31 of 1st period - Shot Misses the Net.
17:33 of 1st period - Wrist shot by Max Pacioretty.
17:33 of 1st period - Stopped by Tuukka Rask with a rebound.
17:35 of 1st period - Wrist shot by Max Pacioretty.
17:35 of 1st period - Stopped by Tuukka Rask with a rebound.
17:37 of 1st period - Backhand shot by Steven Stamkos.
17:37 of 1st period - Stopped by Tuukka Rask with a rebound.
19:13 of 1st period - Sergei Shirokov is hit by Paul Ranger and loses puck.
19:24 of 1st period - Ted Purcell is hit by Brayden Schenn and loses puck.
19:29 of 1st period - Slapshot by Brian McGrattan.
19:29 of 1st period - Stopped by Tuukka Rask with a rebound.
19:31 of 1st period - Backhand shot by Simon Gagné.
19:31 of 1st period - Shot Misses the Net.
19:46 of 1st period - Slapshot by Logan Couture.
19:46 of 1st period - Stopped by Brian Elliott with a rebound.
19:48 of 1st period - Wrist shot by Logan Couture.
19:48 of 1st period - Stopped by Brian Elliott with a rebound.
19:50 of 1st period - Slapshot by Bryce Lampman.
19:50 of 1st period - Shot Blocked by Dominic Moore.
19:54 of 1st period - Slapshot by Chris Higgins.
19:54 of 1st period - Stopped by Brian Elliott with a rebound.
Goals for this period are 1 for Blues vs 0 for Penguins.
Shots for this period are 9 for Blues vs 15 for Penguins.
2nd period
0:01 of 2nd period - Nicklas Backstrom wins face-off versus Steven Stamkos in neutral zone.
0:13 of 2nd period - Major / Game Misconduct Penalty to Bobby Ryan for Head-butting.
0:13 of 2nd period - Bobby Ryan is ejected from game.
0:14 of 2nd period - Nicklas Backstrom wins face-off versus Simon Gagné in Penguins zone.
2:13 of 2nd period - Nicklas Backstrom is hit by Dominic Moore and loses puck.
2:35 of 2nd period - Sam Gagner is hit by Tomas Plekanec and loses puck.
2:46 of 2nd period - Snap shot by Tomas Plekanec.
2:46 of 2nd period - Stopped by Brian Elliott with a rebound.
5:13 of 2nd period - Penalty to Bobby Ryan is over, Brian McGrattan is send on ice.
5:42 of 2nd period - Paul Ranger is hit by Drew Stafford and loses puck.
7:39 of 2nd period - Max Pacioretty is hit by Victor Hedman.
9:05 of 2nd period - Chris Higgins is hit by Simon Gagné and loses puck.
9:31 of 2nd period - Eric Gryba is hit by Ted Purcell and loses puck.
10:33 of 2nd period - Dominic Moore is hit by Tomas Plekanec and loses puck.
11:08 of 2nd period - Sean Zimmerman is hit by Travis Zajac and loses puck.
11:27 of 2nd period - Steven Stamkos is hit by Tomas Plekanec and loses puck.
11:36 of 2nd period - Wrist shot by Tomas Plekanec.
11:36 of 2nd period - Stopped by Brian Elliott without a rebound.
11:37 of 2nd period - Nicklas Backstrom wins face-off versus Sam Gagner in Penguins zone.
11:50 of 2nd period - Wrist shot by Nicklas Backstrom.
11:50 of 2nd period - Goal by Nicklas Backstrom - Blues : 2 - Penguins : 0.
11:51 of 2nd period - Nicklas Backstrom wins face-off versus Max Pacioretty in neutral zone.
11:56 of 2nd period - Slapshot by David Perron.
11:56 of 2nd period - Stopped by Brian Elliott with a rebound.
11:58 of 2nd period - Snap shot by Nicklas Backstrom.
11:58 of 2nd period - Stopped by Brian Elliott with a rebound.
12:00 of 2nd period - Slapshot by Bryce Lampman.
12:00 of 2nd period - Shot Misses the Net.
12:02 of 2nd period - Slapshot by Bryce Lampman.
12:02 of 2nd period - Stopped by Brian Elliott without a rebound.
12:03 of 2nd period - Nicklas Backstrom wins face-off versus Steven Stamkos in Penguins zone.
12:29 of 2nd period - Alex Pietrangelo is hit by Dion Phaneuf and loses puck.
12:49 of 2nd period - Dion Phaneuf is hit by Chris Higgins and loses puck.
13:09 of 2nd period - Minor Penalty to Tomas Plekanec for Boarding.
13:10 of 2nd period - Steven Stamkos wins face-off versus Travis Zajac in Blues zone.
13:13 of 2nd period - Snap shot by Sam Gagner.
13:13 of 2nd period - Shot Misses the Net.
13:15 of 2nd period - Wrist shot by Steven Stamkos.
13:15 of 2nd period - Shot Blocked by Bryce Lampman.
13:17 of 2nd period - Slapshot by Steven Stamkos.
13:17 of 2nd period - Shot Blocked by Patrick Kaleta.
13:19 of 2nd period - Slapshot by Keith Aulie.
13:19 of 2nd period - Shot Misses the Net.
13:21 of 2nd period - Wrist shot by Steven Stamkos.
13:21 of 2nd period - Goal by Steven Stamkos - Blues : 2 - Penguins : 1.
13:22 of 2nd period - Nicklas Backstrom wins face-off versus Steven Stamkos in neutral zone.
13:37 of 2nd period - Wrist shot by Steven Stamkos.
13:37 of 2nd period - Stopped by Tuukka Rask with a rebound.
13:39 of 2nd period - Slapshot by Sean Zimmerman.
13:39 of 2nd period - Stopped by Tuukka Rask without a rebound.
13:40 of 2nd period - Steve Downie wins face-off versus Travis Zajac in Blues zone.
13:41 of 2nd period - Snap shot by Andrew Cogliano.
13:41 of 2nd period - Stopped by Tuukka Rask with a rebound.
13:46 of 2nd period - Minor Penalty to Alex Pietrangelo for Holding.
13:47 of 2nd period - Steven Stamkos wins face-off versus Patrick Kaleta in Blues zone.
13:56 of 2nd period - Wrist shot by Sam Gagner.
13:56 of 2nd period - Stopped by Tuukka Rask with a rebound.
13:58 of 2nd period - Wrist shot by Steven Stamkos.
13:58 of 2nd period - Stopped by Tuukka Rask with a rebound.
14:00 of 2nd period - Snap shot by Sean Zimmerman.
14:00 of 2nd period - Stopped by Tuukka Rask with a rebound.
14:02 of 2nd period - Snap shot by Sam Gagner.
14:02 of 2nd period - Shot Blocked by Drew Fata.
14:26 of 2nd period - Brian McGrattan is hit by Jake Gardiner and loses puck.
15:46 of 2nd period - Penalty to Alex Pietrangelo is over, Alex Pietrangelo is back on ice.
16:17 of 2nd period - Icing by Paul Ranger.
16:18 of 2nd period - Steven Stamkos wins face-off versus Tomas Plekanec in Penguins zone.
17:22 of 2nd period - Wrist shot by Travis Zajac.
17:22 of 2nd period - Stopped by Brian Elliott with a rebound.
18:08 of 2nd period - Wrist shot by Chris Higgins.
18:08 of 2nd period - Shot Misses the Net.
18:10 of 2nd period - Snap shot by Drew Fata.
18:10 of 2nd period - Stopped by Brian Elliott without a rebound.
18:11 of 2nd period - Steven Stamkos wins face-off versus Logan Couture in Penguins zone.
18:37 of 2nd period - Andrew Cogliano is hit by Yann Sauvé and loses puck.
18:44 of 2nd period - Snap shot by Patrick Kaleta.
18:44 of 2nd period - Stopped by Brian Elliott without a rebound.
18:45 of 2nd period - Nicklas Backstrom wins face-off versus Brayden Schenn in Penguins zone.
19:00 of 2nd period - Wrist shot by Simon Gagné.
19:00 of 2nd period - Shot Misses the Net.
19:29 of 2nd period - Snap shot by David Perron.
19:29 of 2nd period - Stopped by Brian Elliott with a rebound.
19:47 of 2nd period - Snap shot by David Perron.
19:47 of 2nd period - Stopped by Brian Elliott without a rebound.
19:48 of 2nd period - Travis Zajac wins face-off versus Sam Gagner in Penguins zone.
Goals for this period are 1 for Blues vs 1 for Penguins.
Shots for this period are 11 for Blues vs 7 for Penguins.
3rd period
0:01 of 3rd period - Nicklas Backstrom wins face-off versus Steven Stamkos in neutral zone.
0:06 of 3rd period - Wrist shot by David Perron.
0:06 of 3rd period - Shot Misses the Net.
0:08 of 3rd period - Snap shot by David Perron.
0:08 of 3rd period - Stopped by Brian Elliott with a rebound.
0:31 of 3rd period - Wrist shot by Steven Stamkos.
0:31 of 3rd period - Shot Misses the Net.
1:18 of 3rd period - Wrist shot by Nicklas Backstrom.
1:18 of 3rd period - Shot Misses the Net.
1:23 of 3rd period - Minor Penalty to Keith Aulie for High sticking.
1:24 of 3rd period - Brayden Schenn wins face-off versus David Perron in Penguins zone.
3:13 of 3rd period - Marian Hossa is hit by Sam Gagner and loses puck.
3:23 of 3rd period - Penalty to Keith Aulie is over, Keith Aulie is back on ice.
3:32 of 3rd period - Duncan Keith is hit by Chris Higgins and loses puck.
4:11 of 3rd period - Wrist shot by Chris Higgins.
4:11 of 3rd period - Stopped by Brian Elliott without a rebound.
4:12 of 3rd period - Logan Couture wins face-off versus Dominic Moore in Penguins zone.
4:21 of 3rd period - Slapshot by Chris Higgins.
4:21 of 3rd period - Deflect By D.J King.
4:21 of 3rd period - Stopped by Brian Elliott with a rebound.
4:23 of 3rd period - Wrist shot by Chris Higgins.
4:23 of 3rd period - Shot Blocked by Eric Gryba.
4:35 of 3rd period - Dominic Moore is hit by Linus Omark and loses puck.
4:54 of 3rd period - Wrist shot by Dominic Moore.
4:54 of 3rd period - Shot Blocked by Linus Omark.
5:00 of 3rd period - Slapshot by Dominic Moore.
5:00 of 3rd period - Stopped by Tuukka Rask with a rebound.
5:02 of 3rd period - Slapshot by Duncan Keith.
5:02 of 3rd period - Shot Hit the Post.
5:04 of 3rd period - Snap shot by D.J King.
5:04 of 3rd period - Stopped by Tuukka Rask with a rebound.
5:06 of 3rd period - Slapshot by Dominic Moore.
5:06 of 3rd period - Stopped by Tuukka Rask without a rebound.
5:07 of 3rd period - Nicklas Backstrom wins face-off versus Steven Stamkos in Blues zone.
5:25 of 3rd period - Minor Penalty to Nicklas Backstrom for High sticking.
5:26 of 3rd period - Steven Stamkos wins face-off versus Travis Zajac in Blues zone.
5:29 of 3rd period - Minor Penalty to Steven Stamkos for Hooking.
5:30 of 3rd period - Travis Zajac wins face-off versus Andrew Cogliano in Penguins zone.
6:14 of 3rd period - Slapshot by D.J King.
6:14 of 3rd period - Stopped by Tuukka Rask with a rebound.
6:34 of 3rd period - Drew Fata is hit by D.J King and loses puck.
7:11 of 3rd period - Brayden Schenn is hit by Victor Hedman.
7:25 of 3rd period - Penalty to Nicklas Backstrom is over, Nicklas Backstrom is back on ice.
7:29 of 3rd period - Penalty to Steven Stamkos is over, Steven Stamkos is back on ice.
7:35 of 3rd period - Snap shot by Sam Gagner.
7:35 of 3rd period - Shot Blocked by Drew Fata.
7:51 of 3rd period - Snap shot by Nicklas Backstrom.
7:51 of 3rd period - Shot Blocked by Steven Stamkos.
8:09 of 3rd period - Wrist shot by Sam Gagner.
8:09 of 3rd period - Stopped by Tuukka Rask without a rebound.
8:10 of 3rd period - Brayden Schenn wins face-off versus Tomas Plekanec in Blues zone.
8:37 of 3rd period - Icing by David Perron.
8:38 of 3rd period - Nicklas Backstrom wins face-off versus Dominic Moore in Blues zone.
8:43 of 3rd period - Slapshot by Victor Hedman.
8:43 of 3rd period - Stopped by Brian Elliott without a rebound.
8:44 of 3rd period - Steven Stamkos wins face-off versus Marian Hossa in Penguins zone.
9:12 of 3rd period - Off-side.
9:13 of 3rd period - Brayden Schenn wins face-off versus Logan Couture in neutral zone.
9:30 of 3rd period - Logan Couture is hit by Sean Zimmerman and loses puck.
9:57 of 3rd period - Slapshot by Alex Pietrangelo.
9:57 of 3rd period - Shot Misses the Net.
9:59 of 3rd period - Backhand shot by Bryce Lampman.
9:59 of 3rd period - Shot Misses the Net.
10:08 of 3rd period - Slapshot by Chris Higgins.
10:08 of 3rd period - Stopped by Brian Elliott with a rebound.
10:10 of 3rd period - Slapshot by Alex Pietrangelo.
10:10 of 3rd period - Shot Blocked by Duncan Keith.
10:12 of 3rd period - Snap shot by Bryce Lampman.
10:12 of 3rd period - Deflect By Patrick Kaleta.
10:12 of 3rd period - Stopped by Brian Elliott with a rebound.
10:14 of 3rd period - Wrist shot by Chris Higgins.
10:14 of 3rd period - Stopped by Brian Elliott with a rebound.
10:26 of 3rd period - Chris Higgins is hit by Brayden Schenn and loses puck.
10:45 of 3rd period - Slapshot by Chris Higgins.
10:45 of 3rd period - Shot Blocked by Keith Aulie.
10:47 of 3rd period - Snap shot by Chris Higgins.
10:47 of 3rd period - Shot Misses the Net.
10:49 of 3rd period - Snap shot by Chris Higgins.
10:49 of 3rd period - Shot Misses the Net.
10:57 of 3rd period - Keith Aulie is hit by Logan Couture and loses puck.
11:22 of 3rd period - Wrist shot by Chris Higgins.
11:22 of 3rd period - Goal by Chris Higgins - Blues : 3 - Penguins : 1.
11:23 of 3rd period - Sam Gagner wins face-off versus Nicklas Backstrom in neutral zone.
11:32 of 3rd period - Slapshot by Steve Downie.
11:32 of 3rd period - Stopped by Tuukka Rask with a rebound.
11:50 of 3rd period - Drew Fata is hit by Max Pacioretty and loses puck.
13:13 of 3rd period - Duncan Keith is hit by Jake Gardiner and loses puck.
16:22 of 3rd period - Steve Downie is hit by Tomas Plekanec and loses puck.
17:27 of 3rd period - Duncan Keith is hit by Marian Hossa and loses puck.
18:00 of 3rd period - Paul Ranger is hit by Drew Fata and loses puck.
18:09 of 3rd period - Snap shot by Patrick Kaleta.
18:09 of 3rd period - Shot Hit the Post.
18:21 of 3rd period - Nikita Alexeev is hit by Ted Purcell and loses puck.
19:45 of 3rd period - Minor Penalty to Simon Gagné for Roughing.
19:46 of 3rd period - Travis Zajac wins face-off versus Brayden Schenn in Penguins zone.
19:53 of 3rd period - Wrist shot by Travis Zajac.
19:53 of 3rd period - Stopped by Brian Elliott with a rebound.
Goals for this period are 1 for Blues vs 0 for Penguins.
Shots for this period are 9 for Blues vs 6 for Penguins.
Back to the Top